 Dungeon Crawl Stone Soup version 0.15-a0-982-g22bbcf6 (webtiles) character file.

450 rodrick the Digger (level 7, -10/48 HPs)
             Began as a Formicid Earth Elementalist on May 23, 2014.
             Was an Initiate of Cheibriados.
             Mangled by an ogre
             ... wielding a +0,+0 giant spiked club
              (16 damage)
             ... on Level 4 of the Dungeon on May 24, 2014.
             The game lasted 00:26:15 (5020 turns).

rodrick the Digger (Formicid Earth Elementalist)    Turns: 5020, Time: 00:26:15

HP -10/48        AC  6     Str 13      XL: 7   Next: 25%
MP   9/15        EV 12     Int 18      God: Cheibriados [......]
Gold 174         SH  7     Dex 12      Spells:  4 memorised,  2 levels left

rFire  . . .     SeeInvis +     h - 20 stones
rCold  . . .     Clarity  .     t - +2 robe {MR+}
rNeg   . . .     Conserve .     w - +0 buckler
rPois  .         rCorr    .     (helmet unavailable)
rElec  +         rRot     .     o - +0 cloak
SustAb .         Spirit   .     k - +0 pair of gloves
rMut   .         Warding  .     (no boots)
Gourm  .         Stasis   +     (no amulet)
MR     +....                    (no ring)
                                (no ring)

@: very slightly contaminated, very slow, somewhat resistant to hostile
enchantments, unstealthy
A: permanent stasis, dig shafts and tunnels, four strong arms, antennae 3,
hooves 2, low mp 1, electricity resistance
a: Dig, Shaft Self, Bend Time, Renounce Religion


You were on level 4 of the Dungeon.
You worshipped Cheibriados.
Cheibriados was noncommittal.
You were hungry.

You visited 2 branches of the dungeon, and saw 5 of its levels.

You collected 174 gold pieces.

Inventory:

Hand weapons
 s - a +0,+0 dagger
Missiles
 h - 20 stones (in hand)
Armour
 c - a +0 robe
 k - a +0 pair of gloves (worn)
 o - a +0 cloak (worn)
 t - a +2 robe of magic resistance (worn)
 w - a +0 buckler (worn)
Magical devices
 v - a wand of random effects (1)
Comestibles
 a - an apple
 g - a meat ration
 i - 2 bread rations
Scrolls
 j - a scroll of recharging {unknown}
 n - 4 scrolls of identify
 q - a scroll of remove curse
 r - a scroll of magic mapping
 u - a scroll of fog
Potions
 b - a potion of poison {unknown}
 e - a potion of brilliance
 f - a potion of curing
 p - a potion of confusion
 B - a potion of magic
Books
 d - a book of Geomancy

   Spells                             Type                      Level
   *Sandblast                         Earth                        1
   *Stoneskin                         Transmutation/Earth          2
   *Passwall                          Transmutation/Earth          3
   Stone Arrow                        Conjuration/Earth            3
   Petrify                            Transmutation/Earth          4
   *Lee's Rapid Deconstruction        Earth                        5


   Skills:
 + Level 1.4 Fighting
 + Level 0.2 Short Blades
   Level 1.5 Maces & Flails
 + Level 3.0 Dodging
 + Level 4.8 Stealth
 + Level 0.2 Shields
 + Level 3.7 Spellcasting
   Level 0.1 Conjurations
 + Level 1.2 Transmutations
 + Level 5.6 Earth Magic
 + Level 0.8 Evocations


You had 2 spell levels left.
You knew the following spells:

 Your Spells              Type           Power        Failure   Level  Hunger
a - Sandblast             Erth           ###...       1%          1    None
b - Passwall              Trmt/Erth      ###.......   14%         3    ###....
c - Stoneskin             Trmt/Erth      ###.......   10%         2    ##.....
d - Lee's Rapid Deconstr  Erth           ###.......   45%         5    #####..


Dungeon Overview and Level Annotations

Branches:
Dungeon (4/15)             Temple (1/1) D:4

Altars:
Cheibriados
Elyvilon
Qazlal
Sif Muna
Xom
Yredelemnul


Innate Abilities, Weirdness & Mutations

Your are under a permanent stasis effect.
You can dig through walls and to a lower floor.
Your four strong arms can wield two-handed weapons with a shield.
You have a pair of large antennae on your head (SInv).
You have hoof-like feet.
Your magical capacity is low (-10% MP).
You are resistant to electric shocks.


Message History

* * * LOW HITPOINT WARNING * * *
The worm bites you.
* * * LOW HITPOINT WARNING * * *
The worm bites you but does no damage. The ogre closely misses you.
You see here 21 stones.
h - 21 stones The worm bites you.
* * * LOW HITPOINT WARNING * * *
The ogre barely misses you.
Wield which item (- for none, * to show all)? (? for menu, Esc to quit)
h - 21 stones (in hand)
Casting: Passwall
Confirm with . or Enter, or press ? or * to list all spells.
Aiming: Sandblast
Press: ? - help, Shift-Dir - straight line, f - ogre
Aim: an ogre, wielding a giant spiked club (heavily wounded)
The rocky blast hits the ogre.
The ogre is almost dead.
The ogre hits you with a giant spiked club!
You die...

#####################
...........#........#
...........#........#
...........#........#
...........#..).....#
...........#...w....#
...........#...O@...#
...........#........#
.................<..+
...........#........#
...........#........#
...........#........#
...........#........#
...........######.###
...........# .


You could see a worm and an ogre.

Vanquished Creatures
  A phantom (D:4)
  Sigmund (D:2)
  The ghost of ChumbleSpuzz the Ducker, a weakling FeMo (D:3)
  An orc wizard (D:4)
  2 worker ants (D:4)
  7 adders
  A gnoll (D:1)
  4 worms
  An ooze (D:4)
  4 orcs
  8 bats
  3 giant cockroaches
  8 hobgoblins
  2 jackals (D:1)
  10 kobolds
  A ball python (D:3)
  6 giant geckos
  4 giant newts
  11 goblins
  9 rats
85 creatures vanquished.

Notes
Turn   | Place    | Note
--------------------------------------------------------------
     0 | D:1      | rodrick, the Formicid Earth Elementalist, began the quest for the Orb.
     0 | D:1      | Reached XP level 1. HP: 13/13 MP: 3/3
    28 | D:1      | Reached skill level 4 in Earth Magic
    28 | D:1      | Reached XP level 2. HP: 19/19 MP: 3/5
   623 | D:1      | Reached XP level 3. HP: 20/24 MP: 7/7
  1238 | D:2      | Noticed Sigmund
  1244 | D:2      | Learned a level 3 spell: Passwall
  1247 | D:2      | Learned a level 2 spell: Stoneskin
  1464 | D:2      | Killed Sigmund
  1464 | D:2      | Reached skill level 1 in Maces & Flails
  1464 | D:2      | Reached XP level 4. HP: 14/31 MP: 0/9
  1464 | D:2      | Reached XP level 5. HP: 16/36 MP: 0/11
  1951 | D:2      | Reached skill level 5 in Earth Magic
  2551 | D:2      | Learned a level 3 spell: Stone Arrow
  3018 | D:3      | Found a deep blue altar of Sif Muna.
  3166 | D:3      | Reached skill level 1 in Fighting
  3166 | D:3      | Reached XP level 6. HP: 39/43 MP: 7/14
  3479 | D:3      | Noticed ChumbleSpuzz's ghost (weakling FeMo)
  3496 | D:3      | Gained mutation: You are resistant to electric shocks. [potion of beneficial mutation]
  3497 | D:3      | Gained mutation: You have large cloven feet. [potion of mutation]
  3497 | D:3      | Gained mutation: You have hoof-like feet. [potion of mutation]
  3497 | D:3      | Gained mutation: Your magical capacity is low (-10% MP). [potion of mutation]
  3499 | D:3      | Killed ChumbleSpuzz's ghost
  3692 | D:3      | Learned a level 5 spell: Lee's Rapid Deconstruction
  4091 | D:4      | Reached XP level 7. HP: 24/48 MP: 13/15
  4307 | D:4      | Found a staircase to the Ecumenical Temple.
  4325 | Temple   | Entered the Ecumenical Temple
  4332 | Temple   | Became a worshipper of Cheibriados the Contemplative
  5020 | D:4      | Mangled by an ogre

Action                   |  1- 3 |  4- 6 |  7- 9 || total
-------------------------+-------+-------+-------++-------
Melee: Mace              |    75 |   120 |     5 ||   200
       Flail             |     5 |       |       ||     5
       Dagger            |     1 |       |    62 ||    63
 Cast: Sandblast         |    12 |    36 |    12 ||    60
       Passwall          |     1 |    17 |     4 ||    22
       Stoneskin         |     1 |     1 |       ||     2
       Stone Arrow       |       |     6 |       ||     6
 Abil: Dig               |       |    17 |     4 ||    21
Evoke: Wand              |       |    12 |       ||    12
  Use: Potion            |     2 |     4 |     5 ||    11
       Scroll            |       |     8 |       ||     8
 Stab: Sleeping          |     4 |    13 |     1 ||    18
       Paralysed         |       |     4 |       ||     4
